 Dungeon Crawl Stone Soup version 0.28.0-47-ge53b351184 (webtiles) character file.

Game seed: 373182934241842738

14333 RatsInWalls the Grappler (level 11, -2/113 HPs)
             Began as a Troll Monk on May 10, 2022.
             Was a High Priest of Zin.
             Slain by an eight-headed hydra (11 damage)
             ... on level 2 of the Lair of Beasts.
             The game lasted 00:21:18 (9895 turns).

RatsInWalls the Grappler (Troll Monk)               Turns: 9895, Time: 00:21:18

Health: -2/113     AC:  8    Str: 31    XL:     11   Next: 87%
Magic:  14/14      EV: 13    Int:  8    God:    Zin [*****.]
Gold:   445        SH:  0    Dex: 20    Spells: 10/10 levels left

rFire   + . .      SeeInvis .     - Unarmed
rCold   + + .      Faith    .   (no shield)
rNeg    . . .      Spirit   .   r - +0 acid dragon scales
rPois   ∞          Reflect  .   (helmet restricted)
rElec   .          Harm     .   p - scarf {rC+ rF+}
rCorr   +          Rampage  .   (gloves unavailable)
Will    .....                   (boots unavailable)
Stlth   ++........              i - amulet of the acrobat
HPRegen 1.08/turn               m - ring of protection from cold
MPRegen 0.14/turn               o - ring "Jugih" {Str+6 Int-2 Dex+6 Slay+5}

@: vitalised
A: large, unfitting armour, claws 3, regeneration 1, shaggy fur 1, tough skin 1
a: Renounce Religion, Recite, Vitalisation, Imprison, Sanctuary, Donate Gold


You were on level 2 of the Lair of Beasts.
You worshipped Zin.
Zin was extremely pleased with you.
You visited 3 branches of the dungeon, and saw 14 of its levels.
You also visited: Ossuary.

You collected 659 gold pieces.
You spent 165 gold pieces at shops.
You donated 49 gold pieces to Zin.

Inventory:

Missiles
 q - 8 poisoned darts (quivered)
 x - 3 large rocks
Armour
 p - a scarf of resistance (worn)
 r - +0 acid dragon scales (worn)
Jewellery
 i - an amulet of the acrobat (around neck)
 k - a ring of see invisible
 m - a ring of protection from cold (left claw)
 o - the ring "Jugih" (right claw) {Str+6 Int-2 Dex+6 Slay+5}
   (You found it on level 5 of the Dungeon)

   [ring of dexterity]

   Str:       It affects your strength (+6).
   Int:       It affects your intelligence (-2).
   Dex:       It affects your dexterity (+6).
   Slay:      It affects your accuracy & damage with ranged weapons and melee
   (+5).
Wands
 l - a wand of paralysis (15)
Scrolls
 c - 3 scrolls of blinking
 e - a scroll of enchant armour
 h - 6 scrolls of teleportation
 j - a scroll of magic mapping
 n - a scroll of fog
 t - a scroll of enchant weapon {unknown}
 w - a scroll of fear
Potions
 b - 12 potions of curing
 d - 2 potions of invisibility
 f - 3 potions of heal wounds
 g - 2 potions of magic
 s - a potion of mutation
 v - a potion of brilliance
 z - a potion of berserk rage


   Skills:
 + Level 8.7 Fighting
 + Level 3.6 Armour
 - Level 6.8 Dodging
 - Level 1.0 Stealth
 * Level 13.0 Unarmed Combat
 + Level 5.6 Invocations


You had 10 spell levels left.
You didn't know any spells.
Your spell library contained the following spells:

 Spells                   Type           Power      Damage    Failure   Level
 Animate Skeleton         Necr           0%         N/A       45%         1
 Apportation              Tloc           0%         N/A       45%         1
 Magic Dart               Conj           0%         1d3       45%         1
 Summon Small Mammal      Summ           0%         N/A       45%         1
 Blink                    Tloc           0%         N/A       61%         2
 Ensorcelled Hibernation  Hex/Ice        0%         N/A       61%         2
 Searing Ray              Conj           0%         2d4       61%         2
 Dazzling Flash           Conj/Hex       0%         N/A       83%         3
 Lesser Beckoning         Tloc           0%         N/A       83%         3
 Spider Form              Tmut/Pois      0%         N/A       83%         3
 Stone Arrow              Conj/Erth      0%         3d7       83%         3
 Anguish                  Hex/Necr       0%         N/A       99%         4
 Animate Armour           Summ/Erth      0%         N/A       99%         4
 Fulminant Prism          Conj/Hex       0%         3d6       99%         4
 Agony                    Necr           0%         N/A       100%        5
 Manifold Assault         Tloc           0%         N/A       100%        5
 Silence                  Hex/Air        0%         N/A       100%        5
 Summon Forest            Summ/Tloc      0%         N/A       100%        5
 Summon Mana Viper        Hex/Summ       0%         N/A       100%        5
 Summon Cactus Giant      Summ           0%         N/A       100%        6
 Lehudib's Crystal Spear  Conj/Erth      0%         10d2      100%        8


Dungeon Overview and Level Annotations

Branches:
Dungeon (11/15)            Temple (1/1) D:7            Lair (2/6) D:8
Ossuary (visited)
  Swamp: Lair:2-4    Shoals: Lair:2-4     Snake: Lair:2-4    Spider: Lair:2-4
    Orc: D:9-12

Altars:
Ashenzari
Elyvilon
Gozag
Makhleb
Uskayaw
Yredelemnul
Zin
The Shining One

Shops:
D:1 (   D:3 =   D:6 :

Annotations:
D:7 exclusion: 2 doors
Lair:2 exclusion: 2 doors


Innate Abilities, Weirdness & Mutations

You are too large for most types of armour.
You have claws for hands.
Your natural rate of healing is unusually fast.
You are covered in fur. (AC +1)
You have tough skin. (AC +1)


Message History

The bolt of acid hits the eight-headed hydra!
The acid corrodes the eight-headed hydra!
The eight-headed hydra is heavily wounded.
The eight-headed hydra bites you but does no damage.
The eight-headed hydra bites you. The eight-headed hydra bites you!
The eight-headed hydra barely misses you.
The eight-headed hydra bites you! The eight-headed hydra bites you.
The eight-headed hydra barely misses you. x2
Aiming: Corrosive Bolt
Press: ? - help, Shift-Dir - straight line, f/p - eight-headed hydra
Aim: an eight-headed hydra (heavily wounded, poisoned, covered in acid, 90% to hit)
The bolt of acid hits the eight-headed hydra!
The eight-headed hydra seems to be corroded for longer.
The eight-headed hydra is severely wounded.
The now-empty wand crumbles to dust.
The eight-headed hydra barely misses you. x2
The eight-headed hydra bites you but does no damage.
The eight-headed hydra closely misses you. x2
The eight-headed hydra bites you.
The eight-headed hydra completely misses you.
The eight-headed hydra bites you!
You barely miss the eight-headed hydra.
The eight-headed hydra is severely wounded.
The eight-headed hydra bites you! x2
* * * LOW HITPOINT WARNING * * *
The eight-headed hydra bites you but does no damage.
The eight-headed hydra bites you.
* * * LOW HITPOINT WARNING * * *
The eight-headed hydra bites you!
* * * LOW HITPOINT WARNING * * *
The eight-headed hydra bites you but does no damage.
The eight-headed hydra bites you.
* * * LOW HITPOINT WARNING * * *
The eight-headed hydra barely misses you.
Activating: Sanctuary (56% risk of failure)
Press: ? - help, Dir - look around, f - activate You can't see that place. [a stone wall.]
You fail to use your ability.
The eight-headed hydra bites you!
You die...

#### #########
≈≈≈≈≈♣.♣≈≈≈≈≈♣#..
≈≈≈≈≈♣.♣≈≈≈≈≈≈#.♣
≈≈≈≈.....≈≈≈≈≈#.♣
≈≈≈.......≈≈≈≈#.♣
≈≈.........≈≈≈#.♣ #
≈...≈.#.≈(..≈≈#.♣♣♣.#
♣..≈≈#)#≈≈..♣♣#.....#
..≈≈ #.#≈≈≈.D@...♣..#
♣.. #)#≈≈..♣♣#.....#
≈. P#P≈...≈≈#†♣♣♣.# ≈
.......≈≈≈#.♣ #
......≈≈≈≈#†♣ #
.....≈≈≈≈≈#†♣ .#
≈♣.♣≈≈≈≈≈≈#.♣♣♣.#
♣.♣≈≈≈≈≈♣#..)..#
#####
############♣.♣##
....


You could see an eight-headed hydra (poisoned, corroded).

Vanquished Creatures
  Fannar (Lair:1)
  3 two-headed ogres
  An ugly thing (D:10)
  A deep elf pyromancer (D:10)
  A cyclops (D:11)
  7 cane toads
  5 komodo dragons
  A shadow (D:11)
  A wraith (D:8)
  8 yaks
  3 wyverns
  Sigmund (D:3)
  A steam dragon (D:9)
  Edmund (D:4)
  2 acid dragons
  8 water moccasins
  3 orc warriors
  3 black bears
  A sky beast (D:5)
  3 ice beasts
  2 necrophages
  4 ogres
  3 centaurs
  7 bullfrogs
  3 scorpions
  A water moccasin zombie (D:6)
  A wyvern skeleton (D:7)
  A water moccasin skeleton (D:5)
  8 wights (D:8)
  4 howler monkeys
  3 centaur zombies
  A centaur skeleton (D:6)
  4 jellies
  3 hounds
  5 orc priests
  3 human zombies (Ossuary)
  A bullfrog skeleton (D:7)
  2 iguanas
  Natasha (thrice) (D:2)
  13 orc wizards
  2 mummies (Ossuary)
  A howler monkey zombie (D:9)
  Robin (D:3)
  3 adders (D:2)
  A white imp (D:7)
  2 adder zombies (Ossuary)
  2 dart slugs (D:2)
  29 orcs
  6 endoplasms
  A giant cockroach (D:4)
  15 goblins
  12 hobgoblins
  2 quokkas (D:4)
  7 ball pythons
  7 bats
  3 frilled lizards (D:1)
  2 goblin zombies (Ossuary)
  9 hobgoblin zombies (Ossuary)
  A jackal zombie (Ossuary)
  8 kobolds
  12 kobold zombies (Ossuary)
  4 orc zombies (Ossuary)
  2 rats
  2 rat zombies (Ossuary)
261 creatures vanquished.

Vanquished Creatures (others)
  A demonic plant (D:3)
  22 plants
23 creatures vanquished.

Grand Total: 284 creatures vanquished

Notes
Turn   | Place    | Note
-------+----------+-------------------------------------------
     0 | D:1      | RatsInWalls the Troll Monk began the quest for the Orb.
     0 | D:1      | Reached XP level 1. HP: 22/22 MP: 0/0
    29 | D:1      | Found Recic's Antique Weapon Shop.
    83 | D:1      | Reached XP level 2. HP: 26/29 MP: 1/1
   540 | D:2      | Reached XP level 3. HP: 36/37 MP: 2/2
   803 | D:2      | Noticed Natasha
   808 | D:2      | Killed Natasha
   809 | D:2      | Reached skill level 4 in Unarmed Combat
   824 | D:2      | Found an opulent altar of Gozag.
   847 | D:2      | Reached XP level 4. HP: 45/45 MP: 3/3
   914 | D:2      | Noticed Natasha
   916 | D:2      | Killed Natasha
  1104 | D:2      | Noticed Natasha
  1110 | D:2      | Killed Natasha
  1118 | D:2      | Reached XP level 5. HP: 54/54 MP: 4/4
  1200 | D:3      | Noticed Robin
  1295 | D:3      | Noticed Sigmund
  1818 | D:3      | Killed Robin
  1901 | D:3      | Found a faded altar of an unknown god.
  1946 | D:4      | Noticed a black bear
  1970 | D:4      | Found a sand-covered staircase.
  1977 | Ossuary  | Entered an ossuary
  1993 | Ossuary  | Reached skill level 5 in Unarmed Combat
  2103 | Ossuary  | Reached XP level 6. HP: 58/63 MP: 5/5
  2287 | D:4      | Reached skill level 5 in Fighting
  2287 | D:4      | Reached skill level 6 in Unarmed Combat
  2288 | D:4      | Reached XP level 7. HP: 69/72 MP: 6/6
  2386 | D:4      | Noticed Edmund
  2432 | D:4      | Killed Edmund
  2629 | D:3      | Killed Sigmund
  2630 | D:3      | Reached skill level 7 in Unarmed Combat
  2658 | D:3      | Found Bubaem's Jewellery Shoppe.
  2805 | D:3      | Bought a ring of see invisible for 165 gold pieces
  2906 | D:4      | Reached XP level 8. HP: 80/81 MP: 7/7
  3181 | D:5      | Entered Level 5 of the Dungeon
  3460 | D:5      | Identified the ring "Jugih" {Str+6 Int-2 Dex+6 Slay+5}
  3589 | D:5      | Reached skill level 8 in Unarmed Combat
  3867 | D:6      | Found Sestoth's Book Boutique.
  4167 | D:6      | Reached XP level 9. HP: 73/91 MP: 8/8
  4673 | D:6      | Reached skill level 9 in Unarmed Combat
  4718 | D:6      | Reached skill level 5 in Dodging
  5237 | D:7      | Found a staircase to the Ecumenical Temple.
  5246 | Temple   | Entered the Ecumenical Temple
  5255 | Temple   | Became a worshipper of Zin the Law-Giver
  5255 | Temple   | Reached * piety under Zin
  5255 | Temple   | Reached ** piety under Zin
  5397 | D:7      | Identified the +1 dagger of Earthquakes {freeze, *Noise rN+
                  | Dex+3}
  5530 | D:7      | Reached skill level 1 in Invocations
  5561 | D:7      | Noticed a two-headed ogre
  5570 | D:7      | Killed a two-headed ogre
  5571 | D:7      | Reached skill level 10 in Unarmed Combat
  5831 | D:8      | Reached XP level 10. HP: 101/102 MP: 10/10
  5958 | D:8      | Reached *** piety under Zin
  6038 | D:8      | Noticed a two-headed ogre
  6069 | D:8      | Killed a two-headed ogre
  6362 | D:8      | Found a burning altar of Makhleb.
  6394 | D:8      | Found a staircase to the Lair.
  6690 | D:8      | Reached skill level 11 in Unarmed Combat
  6948 | D:9      | Reached **** piety under Zin
  7335 | D:10     | Entered Level 10 of the Dungeon
  7481 | D:10     | Reached ***** piety under Zin
  7589 | D:10     | Noticed a two-headed ogre
  7600 | D:10     | Killed a two-headed ogre
  7693 | D:10     | Noticed a deep elf pyromancer
  7697 | D:10     | Killed a deep elf pyromancer
  7698 | D:10     | Reached skill level 1 in Armour
  7698 | D:10     | Reached XP level 11. HP: 103/111 MP: 13/13
  8073 | D:11     | Noticed a white ugly thing
  8095 | D:10     | Killed a white ugly thing
  8206 | D:11     | Reached skill level 12 in Unarmed Combat
  8414 | D:11     | Noticed a death knight
  8414 | D:11     | Noticed a skeletal warrior
  8414 | D:11     | Noticed a skeletal warrior
  8504 | Lair:1   | Entered Level 1 of the Lair of Beasts
  8504 | Lair:1   | Noticed Fannar
  8627 | Lair:1   | Killed Fannar
  8835 | Lair:1   | Reached skill level 5 in Invocations
  9765 | Lair:2   | Noticed a four-headed hydra
  9849 | Lair:2   | Reached skill level 13 in Unarmed Combat
  9877 | Lair:2   | Noticed a seven-headed hydra
  9895 | Lair:2   | Slain by an eight-headed hydra

Illustrated notes

Levels and vault maps discovered:
D:1:      co_arrival_random_square_maze, layout_rooms, serial_shops, shop,
          nrook_mini_backslash, minmay_misc_feat_plants
D:2:      layout_loops_ring, basic_altar, minmay_tall_x, uniq_natasha
D:3:      layout_basic, serial_shops, nicolae_shop_behind_doors, serial_glass,
          glass_columns_c, glass_columns_a, due_unseen_surprise,
          minmay_strange_pillars, minmay_strange_pillars,
          dreamdust_ecumenical_altar_sealed_demon, uniq_sigmund, uniq_robin
D:4:      layout_rooms, lightli_ossuary_entry_decrepit_ruins,
          minmay_misc_feat_cross, minmay_quantized, uniq_edmund
D:5:      layout_basic
D:6:      layout_loops_cross, serial_shops, nicolae_shop_crystal
D:7:      cheibrodos_two_vegetables, layout_cave_pools,
          minmay_temple_entry_overgrown, serial_bayou_ford_a
D:8:      layout_basic, mainiacjoe_overflow_surrounded_room,
          david_lair_shrubbed, grunt_ministairs_14
D:9:      layout_big_octagon
D:10:     layout_loops_ring
D:11:     layout_layer_cave, zombieorc1_lemuel
Temple:   nicolae_temple_the_god_donut
Lair:1:   layout_small_grid, grunt_megastairs_5, infiniplex_staircase_pool_2,
          uniq_fannar
Lair:2:   nzn_winding_woodlands_stair_trap
          [nzn_winding_woodlands_5x15_longhouse,
          nzn_winding_woodlands_5x15_cabin,
          nzn_winding_woodlands_5x15_river_crossing,
          nzn_winding_woodlands_15x15_eel_pit,
          nzn_winding_woodlands_5x15_concentric,
          nzn_winding_woodlands_5x15_crooked, nzn_winding_woodlands_5x15_eye],
          layout_regular_city, nicolae_spider_entry_orb_guardian, serial_bayou,
          serial_bayou_pond_b, serial_bayou_pond_d, serial_bayou_pond_c,
          patterned_corridor, uniq_sonja

Skill      XL: |  1  2  3  4  5  6  7  8  9 10 11 |
---------------+----------------------------------+-----
Fighting       | 3 4 5 6 7 8 |  8.7
Unarmed Combat | 4 5 6 7 8 10 11 13 | 13.0
Dodging        | 3 4 6 |  6.8
Invocations    | 1 4 5 |  5.6
Armour         | 1 3 |  3.6
Stealth        | |  1.0

Action                   |  1- 3 |  4- 6 |  7- 9 | 10-12 || total
-------------------------+-------+-------+-------+-------++-------
Melee: Unarmed           |    59 |   216 |   175 |   270 ||   720
       Punch             |     3 |     4 |     9 |    21 ||    37
Throw: Dart              |       |       |     4 |    11 ||    15
Invok: Vitalisation      |       |       |     1 |     2 ||     3
       Recite            |       |       |       |     1 ||     1
Evoke: Wand              |       |       |       |     4 ||     4
  Use: Scroll            |       |     5 |     7 |     6 ||    18
       Potion            |       |       |     1 |     1 ||     2
 Stab: Sleeping          |     1 |     3 |     2 |     3 ||     9
       Distracted        |       |     1 |       |       ||     1
       Invisible         |       |       |     1 |       ||     1
Armor: Robe              |    18 |    61 |    33 |    12 ||   124
       Acid dragon scale |       |       |       |    29 ||    29
Dodge: Dodged            |    24 |   115 |    97 |   192 ||   428
